Blackhawks vs Stars

Created - May 15, 2020 at 19:13

Goals
1 2 3 T
Blackhawks 0 1 0 1
Stars 2 1 0 3
Shots
1 2 3 T
Blackhawks 7 9 10 26
Stars 14 9 9 32

1st period

1. Stars , Michael Grabner 27 (John Tavares 71, Guillaume Latendresse 48) at 7:21
2. Stars , John Tavares 38 (Michael Grabner 35, Guillaume Latendresse 49) at 11:38

Penalties :
No Penalty

2nd period

3. Stars , Michael Grabner 28 (Guillaume Latendresse 50, John Tavares 72) at 12:02
4. Blackhawks , John Carlson 14 (Rick Nash 38, Mike Green 37) at 12:32 (PP)

Penalties :
John Tavares (Dal) for Holding (Minor) at 12:19, B.J. Crombeen (Dal) for Hooking (Minor) at 15:07

3rd period

No Goal

Penalties :
No Penalty

Goalie Stats

Jimmy Howard (Chi), 29 saves from 32 shots - (0.906), L, 33-30-8, 60:00 minutes
Cory Schneider (Dal), 25 saves from 26 shots - (0.962), W, 41-20-6, 60:00 minutes

Players Stats for Blackhawks

Player Name              G  A  P  +/- PIM S  H  SB GA TA FO     MP     PP MP  PK MP  
------------------------------------------------------------------------------------
Antoine Roussel          0  0  0  -1  0   1  3  0  2  0  2/2    15:48   0:54   0:00 
Brandon Yip              0  0  0  -1  0   3  1  0  0  0  0/0    13:25   0:03   0:00 
Chris Kreider            0  0  0  -1  0   4  4  0  2  0  1/1    21:27   1:15   0:00 
Cody Hodgson             0  0  0  -1  0   4  0  0  0  1  4/7    15:49   0:54   0:00 
David Jones              0  0  0   0  0   0  0  0  0  0  0/0     9:19   0:00   0:00 
Derick Brassard          0  0  0  -1  0   3  3  0  0  1  11/25  21:27   1:15   0:00 
Eric Brewer              0  0  0  -1  0   2  1  3  0  0  0/0    19:30   0:40   0:00 
Erik Christensen         0  0  0  -1  0   1  0  0  0  0  2/4    13:58   0:54   0:00 
Gabriel Bourque          0  0  0   0  0   0  2  0  0  0  0/0     9:57   0:03   0:00 
John Carlson             1  0  1  -1  0   2  2  0  0  0  0/0    24:44   1:32   0:00 
Kevin Marshall           0  0  0  -1  0   0  2  1  0  0  0/0    15:46   0:00   0:00 
Matthew Spiller          0  0  0  -1  0   0  0  1  1  1  0/0    19:30   0:40   0:00 
Mike Green               0  1  1  -1  0   3  0  1  1  0  0/0    24:44   1:32   0:00 
Nathan Horton            0  0  0  -1  0   1  1  0  0  1  1/1    14:46   0:00   0:00 
Rick Nash                0  1  1  -1  0   1  3  1  1  1  0/0    21:27   1:15   0:00 
Scott Gomez              0  0  0   0  0   0  0  0  0  0  1/1     9:13   0:00   0:00 
Seth Jones               0  0  0  -1  0   0  0  1  0  0  0/0    15:46   0:00   0:00 
Tomas Fleischmann        0  0  0  -1  0   1  1  0  1  0  0/0    13:24   0:03   0:00 

Players Stats for Stars

Player Name              G  A  P  +/- PIM S  H  SB GA TA FO     MP     PP MP  PK MP  
------------------------------------------------------------------------------------
Alex Chiasson            0  0  0   0  0   1  2  1  2  1  1/1    16:10   0:00   0:00 
Alexander Frolov         0  0  0   0  0   1  1  0  2  0  0/0    12:58   0:00   0:26 
Andrej Sustr             0  0  0   2  0   2  1  0  0  0  0/0    15:06   0:00   0:12 
Antoine Vermette         0  0  0   0  0   2  0  1  0  0  3/7    16:10   0:00   0:00 
B.J. Crombeen            0  0  0   0  2   1  2  0  0  1  0/0    12:31   0:00   0:00 
Boris Valabik            0  0  0   1  0   0  0  1  0  1  0/0    25:16   0:00   1:25 
Cam Atkinson             0  0  0   0  0   0  3  0  0  0  0/0    10:27   0:00   0:00 
Cory Emmerton            0  0  0   0  0   0  0  1  0  0  5/8    12:52   0:00   0:47 
Evgeny Grachev           0  0  0   0  0   2  0  0  0  0  0/1    10:27   0:00   0:00 
Guillaume Latendresse    0  3  3   3  0   2  3  1  0  1  0/2    19:55   0:00   1:16 
Ian White                0  0  0   1  0   2  1  2  1  1  0/0    25:16   0:00   1:25 
John Tavares             1  2  3   3  2   8  1  1  0  0  9/19   20:06   0:00   1:01 
Johnny Oduya             0  0  0   0  0   1  2  2  0  0  0/0    19:38   0:00   0:35 
Jussi Jokinen            0  0  0   0  0   2  2  0  0  0  0/1    16:37   0:00   0:27 
Lasse Kukkonen           0  0  0   0  0   1  0  1  0  2  0/0    19:38   0:00   0:35 
Michael Grabner          2  1  3   3  0   5  0  0  0  0  1/2    19:06   0:00   0:27 
Niklas Hjalmarsson       0  0  0   2  0   1  0  0  0  1  0/0    15:06   0:00   0:12 
Ted Purcell              0  0  0   0  0   1  1  0  0  0  0/0    10:27   0:00   0:00 

3 Stars

1 - Michael Grabner (Dal)
2 - Guillaume Latendresse (Dal)
3 - John Tavares (Dal)

Power Play

Blackhawks - 1 on 2 Attempt(s) - 50.00%
Stars - 0 on 0 Attempt(s) - 0.00%

Penalty Kill

Blackhawks - 0 on 0 Attempt(s) - 0.00% - Score 0 goal in Penalty Kill
Stars - 1 on 2 Attempt(s) - 50.00% - Score 0 goal in Penalty Kill

Team Stat

Blackhawks - Hits : 23 - Faceoff Wins : 22 - Blocked Shots : 8 - Penalty Minutes : 0
Stars - Hits : 19 - Faceoff Wins : 19 - Blocked Shots : 11 - Penalty Minutes : 4

Official

Referees : Unknown
Linesman : Unknown

Game Notes

No Game Note

Finance

Level 1 -- Attendance: 5812 (96.87%) -- Ticket Income $610,260
Level 2 -- Attendance: 4711 (94.22%) -- Ticket Income $310,926
Level 3 -- Attendance: 2000 (100.00%) -- Ticket Income $76,000
Level 4 -- Attendance: 2995 (74.88%) -- Ticket Income $89,850
Luxury Box -- Attendance: 982 (98.20%) -- Ticket Income $181,670
Game was played at the American Airlines Center.
Total Attendance: 16500 (91.67%)
Total Ticket Income: $1,268,706
Other Income: $190,306
Total Income: $1,459,012

Blackhawks

5 vs 5 Forward 
   Center                   Left Wing                Right Wing               Time % Phy DF OF 
 1 Derick Brassard          Chris Kreider            Rick Nash                45     1   2  2  
 2 Cody Hodgson             Antoine Roussel          Nathan Horton            25     1   2  2  
 3 Erik Christensen         Tomas Fleischmann        Brandon Yip              20     1   2  2  
 4 Scott Gomez              Gabriel Bourque          David Jones              10     1   2  2  

5 vs 5 Defense 
   Defense                  Defense                                           Time % Phy DF OF 
 1 Mike Green               John Carlson                                      40     1   2  2  
 2 Matthew Spiller          Eric Brewer                                       30     1   2  2  
 3 Kevin Marshall           Seth Jones                                        20     1   2  2  
 4 Mike Green               John Carlson                                      10     1   2  2  

PowerPlay Forward 
   Center                   Left Wing                Right Wing               Time % Phy DF OF 
 1 Derick Brassard          Chris Kreider            Rick Nash                60     1   2  2  
 2 Erik Christensen         Antoine Roussel          Cody Hodgson             40     1   2  2  

PowerPlay Defense
   Defense                  Defense                                           Time % Phy DF OF 
 1 Mike Green               John Carlson                                      60     1   2  2  
 2 Matthew Spiller          Eric Brewer                                       40     1   2  2  

Penalty Kill 4 Players Forward 
   Center                   Wing                     Time % Phy DF OF 
 1 Derick Brassard          Chris Kreider            60     1   2  2  
 2 Erik Christensen         Rick Nash                40     1   2  2  

Penalty Kill 4 Players Defense
   Defense                  Defense                  Time % Phy DF OF 
 1 Mike Green               John Carlson             60     1   2  2  
 2 Matthew Spiller          Eric Brewer              40     1   2  2  

Penalty Kill - 3 Players Forward 
   Forward                                           Time % Phy DF OF 
 1 Erik Christensen                                  60     1   2  2  
 2 Derick Brassard                                   40     1   2  2  

Penalty Kill - 3 Players Defense
   Defense                  Defense                  Time % Phy DF OF 
 1 Mike Green               John Carlson             60     1   2  2  
 2 Matthew Spiller          Eric Brewer              40     1   2  2  

4 vs 4 Forward 
   Center                   Wing                     Time % Phy DF OF 
 1 Derick Brassard          Rick Nash                60     1   2  2  
 2 Antoine Roussel          Chris Kreider            40     1   2  2  

4 vs 4 Defense
   Defense                  Defense                  Time % Phy DF OF 
 1 Mike Green               John Carlson             60     1   2  2  
 2 Matthew Spiller          Eric Brewer              40     1   2  2  

Last Minutes Offensive
   Center                   Left Wing                Right Wing               Defense                  Defense                  
   Derick Brassard          Chris Kreider            Rick Nash                Mike Green               John Carlson             

Last Minutes Defensive
   Center                   Left Wing                Right Wing               Defense                  Defense                  
   Derick Brassard          Chris Kreider            Rick Nash                Mike Green               John Carlson             

Goaltenders
Starting : Jimmy Howard             
Backup : Ray Emery                

Extra Forwards
Normal : Tomas Fleischmann, Erik Christensen, Gabriel Bourque - PP : Tomas Fleischmann, Erik Christensen - PK : Scott Gomez
Extra Defensemen
Normal : Kevin Marshall, Seth Jones, Matthew Spiller - PP : Kevin Marshall - PK : Seth Jones, Matthew Spiller
Penalty Shots
Chris Kreider, Derick Brassard, Antoine Roussel, Rick Nash, Cody Hodgson

Scratches
None

Stars

5 vs 5 Forward 
   Center                   Left Wing                Right Wing               Time % Phy DF OF 
 1 John Tavares             Guillaume Latendresse    Michael Grabner          40     1   2  2  
 2 Antoine Vermette         Jussi Jokinen            Alex Chiasson            30     1   2  2  
 3 Cory Emmerton            Alexander Frolov         B.J. Crombeen            20     1   2  2  
 4 Evgeny Grachev           Ted Purcell              Cam Atkinson             10     1   2  2  

5 vs 5 Defense 
   Defense                  Defense                                           Time % Phy DF OF 
 1 Ian White                Boris Valabik                                     40     1   2  2  
 2 Lasse Kukkonen           Johnny Oduya                                      30     1   2  2  
 3 Niklas Hjalmarsson       Andrej Sustr                                      20     1   2  2  
 4 Ian White                Boris Valabik                                     10     1   2  2  

PowerPlay Forward 
   Center                   Left Wing                Right Wing               Time % Phy DF OF 
 1 John Tavares             Guillaume Latendresse    Michael Grabner          60     0   2  3  
 2 Antoine Vermette         Jussi Jokinen            Alex Chiasson            40     0   2  3  

PowerPlay Defense
   Defense                  Defense                                           Time % Phy DF OF 
 1 Ian White                Boris Valabik                                     60     0   2  3  
 2 Lasse Kukkonen           Johnny Oduya                                      40     0   2  3  

Penalty Kill 4 Players Forward 
   Center                   Wing                     Time % Phy DF OF 
 1 John Tavares             Guillaume Latendresse    60     0   3  2  
 2 Jussi Jokinen            Michael Grabner          40     0   3  2  

Penalty Kill 4 Players Defense
   Defense                  Defense                  Time % Phy DF OF 
 1 Ian White                Boris Valabik            60     0   3  2  
 2 Lasse Kukkonen           Johnny Oduya             40     0   3  2  

Penalty Kill - 3 Players Forward 
   Forward                                           Time % Phy DF OF 
 1 John Tavares                                      60     0   3  2  
 2 Guillaume Latendresse                             40     0   3  2  

Penalty Kill - 3 Players Defense
   Defense                  Defense                  Time % Phy DF OF 
 1 Ian White                Boris Valabik            60     0   3  2  
 2 Lasse Kukkonen           Johnny Oduya             40     0   3  2  

4 vs 4 Forward 
   Center                   Wing                     Time % Phy DF OF 
 1 John Tavares             Guillaume Latendresse    60     1   2  2  
 2 Jussi Jokinen            Michael Grabner          40     1   2  2  

4 vs 4 Defense
   Defense                  Defense                  Time % Phy DF OF 
 1 Ian White                Boris Valabik            60     1   2  2  
 2 Lasse Kukkonen           Johnny Oduya             40     1   2  2  

Last Minutes Offensive
   Center                   Left Wing                Right Wing               Defense                  Defense                  
   John Tavares             Guillaume Latendresse    Michael Grabner          Ian White                Boris Valabik            

Last Minutes Defensive
   Center                   Left Wing                Right Wing               Defense                  Defense                  
   John Tavares             Guillaume Latendresse    Michael Grabner          Ian White                Boris Valabik            

Goaltenders
Starting : Cory Schneider           
Backup : Brian Elliott            

Extra Forwards
Normal : Alexander Frolov, Ted Purcell, Cory Emmerton - PP : Alexander Frolov, Ted Purcell - PK : Cory Emmerton
Extra Defensemen
Normal : Niklas Hjalmarsson, Andrej Sustr, Lasse Kukkonen - PP : Niklas Hjalmarsson - PK : Andrej Sustr, Lasse Kukkonen
Penalty Shots
John Tavares, Guillaume Latendresse, Jussi Jokinen, Michael Grabner, Antoine Vermette

Scratches
Brian Lee (Healthy), Lee Stempniak (Healthy), Brian Flynn (Healthy)

% Time on Ice - Blackhawks

Lines # - Real PCT - Wanted PCT - Time Play
Normal Forward
1 - 37% - 45% - 21:28
2 - 27% - 25% - 15:31
3 - 21% - 20% - 12:09
4 - 15% - 10% - 8:40
Normal Defense
1 - 36% - 40% - 20:41
2 - 33% - 30% - 18:50
3 - 27% - 20% - 15:46
4 - 4% - 10% - 2:31
PP Forward
1 - 59% - 60% - 1:18
2 - 41% - 40% - 0:54
PP Defense
1 - 70% - 60% - 1:32
2 - 30% - 40% - 0:40
PK Forward
1 - 0% - 60%
2 - 0% - 40%
PK Defense
1 - 0% - 60%
2 - 0% - 40%
PK3 Forward
1 - 0% - 60%
2 - 0% - 40%
PK3 Defense
1 - 0% - 60%
2 - 0% - 40%
44 Forward
1 - 0% - 60%
2 - 0% - 40%
44 Defense
1 - 0% - 60%
2 - 0% - 40%
Last Minute Offensive  - 0:00
Last Minute Defensive  - 0:00
Total
Forward - 60:00
Defense - 60:00

% Time on Ice - Stars

Lines # - Real PCT - Wanted PCT - Time Play
Normal Forward
1 - 32% - 40% - 18:41
2 - 29% - 30% - 16:44
3 - 21% - 20% - 11:56
4 - 18% - 10% - 10:27
Normal Defense
1 - 36% - 40% - 20:52
2 - 33% - 30% - 19:03
3 - 26% - 20% - 14:54
4 - 5% - 10% - 2:59
PP Forward
1 - 0% - 60%
2 - 0% - 40%
PP Defense
1 - 0% - 60%
2 - 0% - 40%
PK Forward
1 - 80% - 60% - 1:45
2 - 20% - 40% - 0:27
PK Defense
1 - 73% - 60% - 1:37
2 - 27% - 40% - 0:35
PK3 Forward
1 - 0% - 60%
2 - 0% - 40%
PK3 Defense
1 - 0% - 60%
2 - 0% - 40%
44 Forward
1 - 0% - 60%
2 - 0% - 40%
44 Defense
1 - 0% - 60%
2 - 0% - 40%
Last Minute Offensive  - 0:00
Last Minute Defensive  - 0:00
Total
Forward - 60:00
Defense - 60:00

Play-by-Play

1st period


0:01 of 1st period - John Tavares wins face-off versus Derick Brassard in neutral zone.
0:35 of 1st period - Slapshot by Cody Hodgson.
0:35 of 1st period - Shot Misses the Net.
0:37 of 1st period - Wrist shot by Cody Hodgson.
0:37 of 1st period - Shot Hit the Post.
1:13 of 1st period - Ted Purcell is hit by Kevin Marshall and loses puck.
1:32 of 1st period - John Carlson is hit by Guillaume Latendresse and loses puck.
1:45 of 1st period - Wrist shot by John Tavares.
1:45 of 1st period - Stopped by Jimmy Howard with a rebound.
1:57 of 1st period - Slapshot by Cody Hodgson.
1:57 of 1st period - Stopped by Cory Schneider without a rebound.
1:58 of 1st period - Cody Hodgson wins face-off versus Jussi Jokinen in Stars zone.
2:35 of 1st period - Wrist shot by Jussi Jokinen.
2:35 of 1st period - Deflect By Alex Chiasson.
2:35 of 1st period - Stopped by Jimmy Howard without a rebound.
2:36 of 1st period - Derick Brassard wins face-off versus John Tavares in Blackhawks zone.
3:28 of 1st period - Gabriel Bourque is hit by Johnny Oduya and loses puck.
3:55 of 1st period - Wrist shot by John Tavares.
3:55 of 1st period - Shot Misses the Net.
3:57 of 1st period - Wrist shot by Guillaume Latendresse.
3:57 of 1st period - Shot Misses the Net.
4:51 of 1st period - Lasse Kukkonen is hit by Kevin Marshall and loses puck.
5:49 of 1st period - Snap shot by Derick Brassard.
5:49 of 1st period - Shot Blocked by Lasse Kukkonen.
5:51 of 1st period - Slapshot by Derick Brassard.
5:51 of 1st period - Shot Misses the Net.
6:23 of 1st period - Backhand shot by Antoine Vermette.
6:23 of 1st period - Stopped by Jimmy Howard without a rebound.
6:24 of 1st period - Erik Christensen wins face-off versus John Tavares in Blackhawks zone.
6:29 of 1st period - Snap shot by John Tavares.
6:29 of 1st period - Stopped by Jimmy Howard with a rebound.
6:31 of 1st period - Slapshot by Ian White.
6:31 of 1st period - Stopped by Jimmy Howard without a rebound.
6:32 of 1st period - Erik Christensen wins face-off versus John Tavares in Blackhawks zone.
7:08 of 1st period - Seth Jones is hit by Guillaume Latendresse and loses puck.
7:21 of 1st period - Snap shot by Michael Grabner.
7:21 of 1st period - Goal by Michael Grabner - Blackhawks : 0 - Stars : 1.
7:22 of 1st period - Cory Emmerton wins face-off versus Derick Brassard in neutral zone.
7:27 of 1st period - Slapshot by Cory Emmerton.
7:27 of 1st period - Shot Misses the Net.
8:43 of 1st period - Slapshot by Michael Grabner.
8:43 of 1st period - Stopped by Jimmy Howard without a rebound.
8:44 of 1st period - Cody Hodgson wins face-off versus Cory Emmerton in Blackhawks zone.
8:44 of 1st period - Cody Hodgson is hit by B.J. Crombeen.
9:57 of 1st period - Slapshot by Guillaume Latendresse.
9:57 of 1st period - Stopped by Jimmy Howard with a rebound.
9:59 of 1st period - Wrist shot by Guillaume Latendresse.
9:59 of 1st period - Stopped by Jimmy Howard without a rebound.
10:00 of 1st period - John Tavares wins face-off versus Derick Brassard in Blackhawks zone.
10:28 of 1st period - Slapshot by Mike Green.
10:28 of 1st period - Stopped by Cory Schneider without a rebound.
10:29 of 1st period - Cody Hodgson wins face-off versus Antoine Vermette in Stars zone.
11:18 of 1st period - Snap shot by Antoine Roussel.
11:18 of 1st period - Shot Misses the Net.
11:20 of 1st period - Wrist shot by Eric Brewer.
11:20 of 1st period - Deflect By Antoine Roussel.
11:20 of 1st period - Shot Blocked by Ian White.
11:20 of 1st period - Puck is out of play.
11:21 of 1st period - Derick Brassard wins face-off versus John Tavares in Stars zone.
11:22 of 1st period - Snap shot by Chris Kreider.
11:22 of 1st period - Shot Misses the Net.
11:32 of 1st period - Snap shot by Guillaume Latendresse.
11:32 of 1st period - Shot Blocked by Mike Green.
11:34 of 1st period - Backhand shot by Michael Grabner.
11:34 of 1st period - Shot Misses the Net.
11:36 of 1st period - Snap shot by Michael Grabner.
11:36 of 1st period - Shot Misses the Net.
11:38 of 1st period - Wrist shot by John Tavares.
11:38 of 1st period - Goal by John Tavares - Blackhawks : 0 - Stars : 2.
11:39 of 1st period - John Tavares wins face-off versus Derick Brassard in neutral zone.
13:29 of 1st period - Wrist shot by Cory Emmerton.
13:29 of 1st period - Deflect By Alexander Frolov.
13:29 of 1st period - Shot Misses the Net.
13:29 of 1st period - Puck is out of play.
13:30 of 1st period - Cory Emmerton wins face-off versus Erik Christensen in Blackhawks zone.
13:33 of 1st period - Snap shot by Alexander Frolov.
13:33 of 1st period - Deflect By B.J. Crombeen.
13:33 of 1st period - Shot Blocked by Seth Jones.
13:33 of 1st period - Puck is out of play.
13:34 of 1st period - Derick Brassard wins face-off versus Cory Emmerton in Blackhawks zone.
13:43 of 1st period - Alexander Frolov is hit by Rick Nash.
14:29 of 1st period - Slapshot by Brandon Yip.
14:29 of 1st period - Stopped by Cory Schneider with a rebound.
14:31 of 1st period - Snap shot by Erik Christensen.
14:31 of 1st period - Shot Blocked by Antoine Vermette.
14:43 of 1st period - Eric Brewer is hit by Cam Atkinson and loses puck.
14:52 of 1st period - Snap shot by Ted Purcell.
14:52 of 1st period - Shot Blocked by Matthew Spiller.
14:54 of 1st period - Slapshot by Andrej Sustr.
14:54 of 1st period - Stopped by Jimmy Howard without a rebound.
14:55 of 1st period - Derick Brassard wins face-off versus John Tavares in Blackhawks zone.
15:29 of 1st period - Wrist shot by John Tavares.
15:29 of 1st period - Stopped by Jimmy Howard without a rebound.
15:30 of 1st period - Cory Emmerton wins face-off versus Cody Hodgson in Blackhawks zone.
16:21 of 1st period - Slapshot by Erik Christensen.
16:21 of 1st period - Stopped by Cory Schneider with a rebound.
16:23 of 1st period - Snap shot by Tomas Fleischmann.
16:23 of 1st period - Stopped by Cory Schneider without a rebound.
16:24 of 1st period - John Tavares wins face-off versus Derick Brassard in Stars zone.
17:24 of 1st period - Wrist shot by Jussi Jokinen.
17:24 of 1st period - Stopped by Jimmy Howard with a rebound.
17:44 of 1st period - Seth Jones is hit by Cam Atkinson and loses puck.
18:05 of 1st period - Johnny Oduya is hit by Derick Brassard and loses puck.
18:22 of 1st period - Backhand shot by Cody Hodgson.
18:22 of 1st period - Stopped by Cory Schneider with a rebound.
18:24 of 1st period - Slapshot by Kevin Marshall.
18:24 of 1st period - Deflect By Nathan Horton.
18:24 of 1st period - Shot Misses the Net.
18:24 of 1st period - Puck is out of play.
18:25 of 1st period - Antoine Roussel wins face-off versus Cory Emmerton in Stars zone.
18:42 of 1st period - Snap shot by Cody Hodgson.
18:42 of 1st period - Stopped by Cory Schneider with a rebound.
18:58 of 1st period - Wrist shot by Cory Emmerton.
18:58 of 1st period - Shot Misses the Net.
19:00 of 1st period - Snap shot by Niklas Hjalmarsson.
19:00 of 1st period - Deflect By B.J. Crombeen.
19:00 of 1st period - Stopped by Jimmy Howard without a rebound.
19:01 of 1st period - John Tavares wins face-off versus Derick Brassard in Blackhawks zone.
19:05 of 1st period - Icing by Eric Brewer.
19:06 of 1st period - Derick Brassard wins face-off versus Michael Grabner in Blackhawks zone.
Goals for this period are 0 for Blackhawks vs 2 for Stars.
Shots for this period are 7 for Blackhawks vs 14 for Stars.

2nd period


0:01 of 2nd period - John Tavares wins face-off versus Derick Brassard in neutral zone.
1:08 of 2nd period - Snap shot by Scott Gomez.
1:08 of 2nd period - Shot Misses the Net.
2:01 of 2nd period - Snap shot by Jussi Jokinen.
2:01 of 2nd period - Stopped by Jimmy Howard without a rebound.
2:02 of 2nd period - Cory Emmerton wins face-off versus Derick Brassard in Blackhawks zone.
2:36 of 2nd period - Slapshot by Cody Hodgson.
2:36 of 2nd period - Shot Blocked by Guillaume Latendresse.
2:38 of 2nd period - Snap shot by Nathan Horton.
2:38 of 2nd period - Deflect By Antoine Roussel.
2:38 of 2nd period - Shot Blocked by Johnny Oduya.
2:38 of 2nd period - Puck is out of play.
2:39 of 2nd period - Nathan Horton wins face-off versus Guillaume Latendresse in Stars zone.
3:05 of 2nd period - Rick Nash is hit by Jussi Jokinen and loses puck.
3:49 of 2nd period - Slapshot by David Jones.
3:49 of 2nd period - Deflect By Evgeny Grachev.
3:49 of 2nd period - Shot Blocked by Ian White.
3:49 of 2nd period - Puck is out of play.
3:50 of 2nd period - Scott Gomez wins face-off versus Evgeny Grachev in Stars zone.
4:47 of 2nd period - Snap shot by Erik Christensen.
4:47 of 2nd period - Shot Misses the Net.
4:49 of 2nd period - Wrist shot by Brandon Yip.
4:49 of 2nd period - Stopped by Cory Schneider without a rebound.
4:50 of 2nd period - Antoine Vermette wins face-off versus Derick Brassard in Stars zone.
5:03 of 2nd period - Slapshot by Lasse Kukkonen.
5:03 of 2nd period - Shot Misses the Net.
5:05 of 2nd period - Slapshot by Johnny Oduya.
5:05 of 2nd period - Stopped by Jimmy Howard with a rebound.
5:07 of 2nd period - Wrist shot by Antoine Vermette.
5:07 of 2nd period - Shot Blocked by Kevin Marshall.
5:24 of 2nd period - Johnny Oduya is hit by Rick Nash and loses puck.
5:41 of 2nd period - Alexander Frolov is hit by John Carlson.
6:07 of 2nd period - Wrist shot by John Tavares.
6:07 of 2nd period - Shot Misses the Net.
6:09 of 2nd period - Snap shot by Michael Grabner.
6:09 of 2nd period - Shot Misses the Net.
6:19 of 2nd period - Andrej Sustr is hit by Brandon Yip and loses puck.
6:24 of 2nd period - Wrist shot by Erik Christensen.
6:24 of 2nd period - Shot Misses the Net.
7:22 of 2nd period - Snap shot by John Tavares.
7:22 of 2nd period - Stopped by Jimmy Howard without a rebound.
7:23 of 2nd period - Antoine Roussel wins face-off versus Antoine Vermette in Blackhawks zone.
7:32 of 2nd period - Snap shot by Cody Hodgson.
7:32 of 2nd period - Shot Misses the Net.
7:56 of 2nd period - Slapshot by Erik Christensen.
7:56 of 2nd period - Shot Misses the Net.
7:58 of 2nd period - Slapshot by Kevin Marshall.
7:58 of 2nd period - Shot Blocked by Johnny Oduya.
8:00 of 2nd period - Snap shot by Brandon Yip.
8:00 of 2nd period - Stopped by Cory Schneider with a rebound.
8:02 of 2nd period - Wrist shot by Kevin Marshall.
8:02 of 2nd period - Shot Misses the Net.
8:19 of 2nd period - Wrist shot by B.J. Crombeen.
8:19 of 2nd period - Deflect By Alexander Frolov.
8:19 of 2nd period - Shot Blocked by Rick Nash.
8:19 of 2nd period - Puck is out of play.
8:20 of 2nd period - Antoine Vermette wins face-off versus Derick Brassard in Blackhawks zone.
8:23 of 2nd period - Snap shot by Antoine Vermette.
8:23 of 2nd period - Shot Misses the Net.
8:37 of 2nd period - Snap shot by Derick Brassard.
8:37 of 2nd period - Stopped by Cory Schneider with a rebound.
8:54 of 2nd period - Snap shot by Michael Grabner.
8:54 of 2nd period - Shot Misses the Net.
9:21 of 2nd period - Off-side.
9:22 of 2nd period - Michael Grabner wins face-off versus Derick Brassard in neutral zone.
9:39 of 2nd period - Slapshot by Derick Brassard.
9:39 of 2nd period - Shot Misses the Net.
11:02 of 2nd period - Wrist shot by Jussi Jokinen.
11:02 of 2nd period - Shot Misses the Net.
11:05 of 2nd period - Icing by John Carlson.
11:06 of 2nd period - John Tavares wins face-off versus Erik Christensen in Blackhawks zone.
11:11 of 2nd period - Snap shot by John Tavares.
11:11 of 2nd period - Stopped by Jimmy Howard with a rebound.
11:13 of 2nd period - Wrist shot by Michael Grabner.
11:13 of 2nd period - Stopped by Jimmy Howard without a rebound.
11:14 of 2nd period - Derick Brassard wins face-off versus John Tavares in Blackhawks zone.
12:02 of 2nd period - Wrist shot by Guillaume Latendresse.
12:02 of 2nd period - Deflect By Michael Grabner.
12:02 of 2nd period - Goal by Michael Grabner - Blackhawks : 0 - Stars : 3.
12:03 of 2nd period - Derick Brassard wins face-off versus Antoine Vermette in neutral zone.
12:08 of 2nd period - Wrist shot by Derick Brassard.
12:08 of 2nd period - Shot Blocked by Alex Chiasson.
12:10 of 2nd period - Snap shot by Derick Brassard.
12:10 of 2nd period - Deflect By Chris Kreider.
12:10 of 2nd period - Stopped by Cory Schneider without a rebound.
12:11 of 2nd period - Derick Brassard wins face-off versus Antoine Vermette in Stars zone.
12:14 of 2nd period - Slapshot by Chris Kreider.
12:14 of 2nd period - Stopped by Cory Schneider without a rebound.
12:15 of 2nd period - Derick Brassard wins face-off versus Guillaume Latendresse in Stars zone.
12:19 of 2nd period - Minor Penalty to John Tavares for Holding.
12:20 of 2nd period - Cory Emmerton wins face-off versus Derick Brassard in Stars zone.
12:24 of 2nd period - Backhand shot by Chris Kreider.
12:24 of 2nd period - Stopped by Cory Schneider with a rebound.
12:26 of 2nd period - Slapshot by Mike Green.
12:26 of 2nd period - Stopped by Cory Schneider with a rebound.
12:28 of 2nd period - Slapshot by Rick Nash.
12:28 of 2nd period - Stopped by Cory Schneider with a rebound.
12:30 of 2nd period - Slapshot by John Carlson.
12:30 of 2nd period - Shot Blocked by Boris Valabik.
12:32 of 2nd period - Slapshot by John Carlson.
12:32 of 2nd period - Goal by John Carlson - Blackhawks : 1 - Stars : 3.
12:33 of 2nd period - Chris Kreider wins face-off versus John Tavares in neutral zone.
13:04 of 2nd period - Slapshot by Lasse Kukkonen.
13:04 of 2nd period - Stopped by Jimmy Howard with a rebound.
13:53 of 2nd period - Snap shot by John Tavares.
13:53 of 2nd period - Stopped by Jimmy Howard with a rebound.
14:01 of 2nd period - Guillaume Latendresse is hit by Derick Brassard and loses puck.
14:12 of 2nd period - Snap shot by Erik Christensen.
14:12 of 2nd period - Shot Misses the Net.
15:07 of 2nd period - Minor Penalty to B.J. Crombeen for Hooking.
15:08 of 2nd period - John Tavares wins face-off versus Derick Brassard in Stars zone.
15:08 of 2nd period - John Tavares is hit by Rick Nash.
16:26 of 2nd period - Johnny Oduya is hit by Chris Kreider.
17:07 of 2nd period - Penalty to B.J. Crombeen is over, B.J. Crombeen is back on ice.
18:16 of 2nd period - Slapshot by Niklas Hjalmarsson.
18:16 of 2nd period - Stopped by Jimmy Howard with a rebound.
18:39 of 2nd period - Eric Brewer is hit by Ian White and loses puck.
19:07 of 2nd period - Cam Atkinson is hit by Tomas Fleischmann and loses puck.
Goals for this period are 1 for Blackhawks vs 1 for Stars.
Shots for this period are 9 for Blackhawks vs 9 for Stars.

3rd period


0:01 of 3rd period - Derick Brassard wins face-off versus John Tavares in neutral zone.
0:14 of 3rd period - Snap shot by Derick Brassard.
0:14 of 3rd period - Stopped by Cory Schneider without a rebound.
0:15 of 3rd period - Derick Brassard wins face-off versus John Tavares in Stars zone.
0:31 of 3rd period - Slapshot by Ian White.
0:31 of 3rd period - Stopped by Jimmy Howard without a rebound.
0:32 of 3rd period - Alex Chiasson wins face-off versus Cody Hodgson in Blackhawks zone.
0:33 of 3rd period - Wrist shot by Jussi Jokinen.
0:33 of 3rd period - Shot Misses the Net.
0:39 of 3rd period - Boris Valabik is hit by Antoine Roussel and loses puck.
0:48 of 3rd period - Wrist shot by Cody Hodgson.
0:48 of 3rd period - Stopped by Cory Schneider with a rebound.
0:58 of 3rd period - Derick Brassard is hit by John Tavares and loses puck.
1:05 of 3rd period - Snap shot by Michael Grabner.
1:05 of 3rd period - Shot Misses the Net.
1:23 of 3rd period - Slapshot by Chris Kreider.
1:23 of 3rd period - Stopped by Cory Schneider with a rebound.
1:25 of 3rd period - Snap shot by Erik Christensen.
1:25 of 3rd period - Shot Misses the Net.
1:49 of 3rd period - Slapshot by Cody Hodgson.
1:49 of 3rd period - Shot Misses the Net.
1:51 of 3rd period - Snap shot by Eric Brewer.
1:51 of 3rd period - Stopped by Cory Schneider with a rebound.
1:53 of 3rd period - Slapshot by Eric Brewer.
1:53 of 3rd period - Deflect By Alexander Frolov.
1:53 of 3rd period - Stopped by Cory Schneider with a rebound.
1:55 of 3rd period - Slapshot by Matthew Spiller.
1:55 of 3rd period - Shot Blocked by Cory Emmerton.
2:09 of 3rd period - Gabriel Bourque is hit by Jussi Jokinen and loses puck.
2:36 of 3rd period - Slapshot by Boris Valabik.
2:36 of 3rd period - Shot Blocked by Eric Brewer.
2:50 of 3rd period - Wrist shot by Cam Atkinson.
2:50 of 3rd period - Deflect By Evgeny Grachev.
2:50 of 3rd period - Stopped by Jimmy Howard with a rebound.
2:52 of 3rd period - Slapshot by Evgeny Grachev.
2:52 of 3rd period - Stopped by Jimmy Howard with a rebound.
2:54 of 3rd period - Slapshot by Ian White.
2:54 of 3rd period - Shot Blocked by Eric Brewer.
2:56 of 3rd period - Wrist shot by Ted Purcell.
2:56 of 3rd period - Stopped by Jimmy Howard without a rebound.
2:57 of 3rd period - Antoine Vermette wins face-off versus Derick Brassard in Blackhawks zone.
3:12 of 3rd period - Derick Brassard is hit by Alex Chiasson and loses puck.
3:29 of 3rd period - Snap shot by Antoine Roussel.
3:29 of 3rd period - Stopped by Cory Schneider with a rebound.
3:31 of 3rd period - Snap shot by Nathan Horton.
3:31 of 3rd period - Shot Blocked by John Tavares.
4:50 of 3rd period - Mike Green is hit by Johnny Oduya and loses puck.
4:59 of 3rd period - Snap shot by Nathan Horton.
4:59 of 3rd period - Stopped by Cory Schneider with a rebound.
5:34 of 3rd period - Slapshot by Alex Chiasson.
5:34 of 3rd period - Shot Blocked by Eric Brewer.
5:36 of 3rd period - Snap shot by Andrej Sustr.
5:36 of 3rd period - Stopped by Jimmy Howard with a rebound.
6:05 of 3rd period - Wrist shot by Alexander Frolov.
6:05 of 3rd period - Stopped by Jimmy Howard without a rebound.
6:06 of 3rd period - Cody Hodgson wins face-off versus John Tavares in Blackhawks zone.
6:17 of 3rd period - Wrist shot by John Tavares.
6:17 of 3rd period - Stopped by Jimmy Howard with a rebound.
6:19 of 3rd period - Backhand shot by Michael Grabner.
6:19 of 3rd period - Stopped by Jimmy Howard with a rebound.
7:40 of 3rd period - Slapshot by Mike Green.
7:40 of 3rd period - Deflect By John Tavares.
7:40 of 3rd period - Stopped by Cory Schneider with a rebound.
7:52 of 3rd period - Slapshot by Mike Green.
7:52 of 3rd period - Shot Misses the Net.
8:10 of 3rd period - Snap shot by Antoine Vermette.
8:10 of 3rd period - Stopped by Jimmy Howard with a rebound.
9:38 of 3rd period - Guillaume Latendresse is hit by Chris Kreider and loses puck.
9:49 of 3rd period - Brandon Yip is hit by B.J. Crombeen.
10:08 of 3rd period - Seth Jones is hit by Ted Purcell and loses puck.
10:15 of 3rd period - Johnny Oduya is hit by Gabriel Bourque and loses puck.
10:35 of 3rd period - Antoine Vermette is hit by John Carlson.
11:08 of 3rd period - Wrist shot by Derick Brassard.
11:08 of 3rd period - Stopped by Cory Schneider with a rebound.
11:24 of 3rd period - Tomas Fleischmann is hit by Alexander Frolov and loses puck.
11:49 of 3rd period - Boris Valabik is hit by Nathan Horton and loses puck.
12:20 of 3rd period - Boris Valabik is hit by Gabriel Bourque and loses puck.
12:32 of 3rd period - John Carlson is hit by Guillaume Latendresse and loses puck.
13:13 of 3rd period - Rick Nash is hit by Alex Chiasson and loses puck.
13:25 of 3rd period - Rick Nash is hit by Andrej Sustr and loses puck.
14:01 of 3rd period - Cam Atkinson is hit by Derick Brassard and loses puck.
14:12 of 3rd period - Evgeny Grachev is hit by Eric Brewer and loses puck.
14:50 of 3rd period - Chris Kreider is hit by Cam Atkinson and loses puck.
15:06 of 3rd period - Lasse Kukkonen is hit by Chris Kreider and loses puck.
15:43 of 3rd period - Ted Purcell is hit by Chris Kreider and loses puck.
16:00 of 3rd period - Wrist shot by Derick Brassard.
16:00 of 3rd period - Shot Misses the Net.
16:02 of 3rd period - Slapshot by John Carlson.
16:02 of 3rd period - Stopped by Cory Schneider without a rebound.
16:03 of 3rd period - John Tavares wins face-off versus Cody Hodgson in Stars zone.
16:22 of 3rd period - Niklas Hjalmarsson is hit by Antoine Roussel and loses puck.
17:46 of 3rd period - Cory Emmerton is hit by Antoine Roussel and loses puck.
Goals for this period are 0 for Blackhawks vs 0 for Stars.
Shots for this period are 10 for Blackhawks vs 9 for Stars.